Phantoms vs Barracuda
Created - May 2, 2021 at 20:13
Goals
|
| Phantoms |
1 |
2 |
1 |
1 |
5 |
| Barracuda |
1 |
2 |
1 |
0 |
4 |
|
Shots
|
| Phantoms |
10 |
7 |
3 |
1 |
21 |
| Barracuda |
6 |
10 |
12 |
1 |
29 |
|
1st period
1. Phantoms , Tyler Randell 42 (Tyler Brenner 56, Blake Heinrich 7) at 12:49 (PP)
2. Barracuda , Chris Wagner 11 (Kevin Connauton 62, William Carrier 17) at 17:14
Penalties :
Sam Carrick (San) for Hooking (Minor) at 11:10, Corban Knight (San) for Holding Stick (Minor) at 17:30
2nd period
3. Barracuda , Billy Sweat 47 (Luca Sbisa 24, Sam Carrick 41) at 2:40
4. Phantoms , Tyler Randell 43 (Michael Bournival 64) at 4:23
5. Barracuda , Juho Lammikko 8 (Logan MacMillan 33, Theodor Blueger 13) at 18:16
6. Phantoms , Tyler Brenner 31 (Tyler Randell 42, Michael Bournival 65) at 19:55
Penalties :
Corban Knight (San) for Holding (Minor) at 0:07, Tyler Brenner (Leh) for Hooking (Minor) at 5:01, Samuel Groulx (San) for Interference (Minor) at 11:06, Sam Carrick (San) for Holding (Minor) at 15:47
3rd period
7. Phantoms , Tyler Randell 44 (Michael Bournival 66) at 0:10
8. Barracuda , Jordan LaVallee 31 (Brandon Kozun 35, William Carrier 18) at 19:29
Penalties :
Zach Trotman (San) for Holding (Minor) at 7:36, Alex Plante (San) for Goalie Interference (Minor) at 16:14, Brandon McMillan (Leh) for High sticking (Minor) at 19:32
Overtime #1
9. Phantoms , Sven Andrighetto 12 (Brandon McMillan 25, Ivan Provorov 15) at 1:38
Penalties :
No Penalty
Goalie Stats
Anton Forsberg (Leh), 25 saves from 29 shots - (0.862), W, 21-15-1, 61:38 minutes
Chet Pickard (San), 16 saves from 21 shots - (0.762), OTL, 33-20-4, 61:02 minutes
Players Stats for Phantoms
Player Name G A P +/- PIM S H SB GA TA FO MP PP MP PK MP
------------------------------------------------------------------------------------
Blake Heinrich 0 1 1 0 0 0 2 0 0 1 0/0 20:30 6:28 2:07
Brandon McMillan 0 1 1 1 2 2 1 0 0 0 0/0 17:37 5:31 0:00
Brendan Leipsic 0 0 0 0 0 0 0 1 0 1 0/0 12:51 0:00 0:26
Calle Jarnkrok 0 0 0 0 0 0 1 1 1 0 9/12 17:33 5:32 0:00
Cristoval Nieves 0 0 0 -3 0 0 1 0 0 0 0/0 7:07 0:00 0:08
David Kampf 0 0 0 -1 0 0 0 0 0 0 0/0 4:29 0:29 0:00
Devon Teows 0 0 0 -1 0 0 2 3 0 0 0/0 14:00 0:00 0:00
Dylan Olsen 0 0 0 1 0 2 3 0 0 1 0/0 27:08 7:05 1:51
Ivan Provorov 0 1 1 0 0 1 1 2 0 0 0/0 20:30 6:28 2:07
Jake Dotchin 0 0 0 1 0 0 1 1 0 0 0/0 27:08 7:05 1:51
Lucas Wallmarkk 0 0 0 0 0 0 0 0 0 0 0/0 0:31 0:06 0:00
Michael Bournival 0 3 3 2 0 1 1 0 1 0 0/2 21:42 7:55 1:43
Nick Shore 0 0 0 0 0 3 1 0 1 0 1/3 12:25 0:00 0:00
Rinat Valiev 0 0 0 -1 0 1 1 2 0 0 0/0 14:00 0:00 0:00
Sven Andrighetto 1 0 1 1 0 1 0 0 0 0 0/0 14:02 0:00 0:59
Tomas Kubalik 0 0 0 0 0 3 1 0 1 0 0/0 18:21 5:32 0:41
Travis Konecny 0 0 0 -3 0 0 0 1 0 0 1/1 7:05 0:06 0:00
Tyler Brenner 1 1 2 2 2 2 4 0 0 0 7/21 20:05 7:55 0:00
Tyler Randell 3 1 4 0 0 5 4 1 1 0 4/7 25:28 7:33 2:27
Players Stats for Barracuda
Player Name G A P +/- PIM S H SB GA TA FO MP PP MP PK MP
------------------------------------------------------------------------------------
Alex Plante 0 0 0 0 2 2 2 0 0 0 0/0 13:23 0:00 0:10
Billy Sweat 1 0 1 -1 0 4 1 0 0 0 1/2 16:19 0:54 4:14
Brandon Kozun 0 1 1 0 0 5 1 0 0 0 0/0 15:42 1:28 0:00
Chris Wagner 1 0 1 1 0 1 0 1 0 0 0/1 8:59 0:03 0:00
Corban Knight 0 0 0 -2 4 1 1 1 1 1 14/26 21:29 1:26 4:50
David Shields 0 0 0 0 0 0 0 1 0 1 0/0 14:32 0:00 1:41
Emil Pettersson 0 0 0 1 0 0 1 0 0 0 1/3 12:51 0:00 3:43
Jordan LaVallee 1 0 1 -1 0 5 2 0 1 0 1/2 23:45 1:28 6:52
Juho Lammikko 1 0 1 1 0 2 1 0 0 0 0/0 8:26 0:00 0:00
Justin Shugg 0 0 0 -1 0 0 0 1 0 2 1/1 12:03 0:54 0:00
Kevin Connauton 0 1 1 0 0 2 0 1 0 0 0/0 27:39 1:52 7:25
Logan MacMillan 0 1 1 1 0 2 3 0 0 0 0/1 9:21 0:04 0:00
Luca Sbisa 0 1 1 0 0 0 1 1 0 0 0/0 21:03 0:34 6:08
Sam Carrick 0 1 1 -1 4 0 0 0 1 1 4/7 15:20 0:54 2:57
Samuel Groulx 0 0 0 0 2 0 1 1 0 0 0/0 20:04 0:34 5:15
Theodor Blueger 0 1 1 1 0 2 2 0 0 0 0/0 11:21 0:00 2:16
William Carrier 0 2 2 2 0 1 1 0 0 0 2/3 13:22 0:07 2:14
Zach Trotman 0 0 0 0 2 2 5 4 0 0 0/0 27:13 1:52 6:27
3 Stars
1 - Tyler Randell (Leh)
2 - Michael Bournival (Leh)
3 - Tyler Brenner (Leh)
Power Play
Phantoms - 1 on 7 Attempt(s) - 14.29%
Barracuda - 0 on 2 Attempt(s) - 0.00%
Penalty Kill
Phantoms - 2 on 2 Attempt(s) - 100.00%
- Score 0 goal in Penalty Kill
Barracuda - 6 on 7 Attempt(s) - 85.71%
- Score 0 goal in Penalty Kill
Team Stat
Phantoms - Hits : 24 - Faceoff Wins : 22 - Blocked Shots : 12 - Penalty Minutes : 4
Barracuda - Hits : 22 - Faceoff Wins : 24 - Blocked Shots : 11 - Penalty Minutes : 14
Official
Referees : Unknown
Linesman : Unknown
Game Notes
Tyler Randell has scored a Hat Trick!
Finance
Level 1 -- Attendance: 1414 (70.70%) -- Ticket Income $56,560
Level 2 -- Attendance: 706 (70.60%) -- Ticket Income $14,120
Total Attendance: 2120 (70.67%)
Total Ticket Income: $70,680
Other Income: $3,534
Total Income: $74,214
Phantoms
5 vs 5 Forward
Center Left Wing Right Wing Time % Phy DF OF
1 Tyler Brenner Michael Bournival Tyler Randell 40 1 2 2
2 Calle Jarnkrok Brandon McMillan Tomas Kubalik 30 1 2 2
3 Nick Shore Brendan Leipsic Sven Andrighetto 20 1 2 2
4 Cristoval Nieves Tyler Randell Travis Konecny 10 1 2 2
5 vs 5 Defense
Defense Defense Time % Phy DF OF
1 Dylan Olsen Jake Dotchin 40 1 2 2
2 Ivan Provorov Blake Heinrich 30 1 2 2
3 Devon Teows Rinat Valiev 20 1 2 2
4 Dylan Olsen Jake Dotchin 10 1 2 2
PowerPlay Forward
Center Left Wing Right Wing Time % Phy DF OF
1 Tyler Brenner Michael Bournival Tyler Randell 60 1 2 2
2 Calle Jarnkrok Brandon McMillan Tomas Kubalik 40 1 2 2
PowerPlay Defense
Defense Defense Time % Phy DF OF
1 Dylan Olsen Jake Dotchin 60 1 2 2
2 Ivan Provorov Blake Heinrich 40 1 2 2
Penalty Kill 4 Players Forward
Center Wing Time % Phy DF OF
1 Tyler Randell Michael Bournival 60 1 2 2
2 Tomas Kubalik Tyler Brenner 40 1 2 2
Penalty Kill 4 Players Defense
Defense Defense Time % Phy DF OF
1 Dylan Olsen Jake Dotchin 60 1 2 2
2 Ivan Provorov Blake Heinrich 40 1 2 2
Penalty Kill - 3 Players Forward
Forward Time % Phy DF OF
1 Tyler Randell 60 1 2 2
2 Michael Bournival 40 1 2 2
Penalty Kill - 3 Players Defense
Defense Defense Time % Phy DF OF
1 Dylan Olsen Jake Dotchin 60 1 2 2
2 Ivan Provorov Blake Heinrich 40 1 2 2
4 vs 4 Forward
Center Wing Time % Phy DF OF
1 Tyler Randell Michael Bournival 60 1 2 2
2 Tomas Kubalik Tyler Brenner 40 1 2 2
4 vs 4 Defense
Defense Defense Time % Phy DF OF
1 Dylan Olsen Jake Dotchin 60 1 2 2
2 Ivan Provorov Blake Heinrich 40 1 2 2
Last Minutes Offensive
Center Left Wing Right Wing Defense Defense
Tyler Brenner Michael Bournival Tyler Randell Dylan Olsen Jake Dotchin
Last Minutes Defensive
Center Left Wing Right Wing Defense Defense
Tyler Brenner Michael Bournival Tyler Randell Dylan Olsen Jake Dotchin
Goaltenders
Starting : Anton Forsberg
Backup : Zachary Fucale
Extra Forwards
Normal : David Kampf, Lucas Wallmarkk, Sven Andrighetto - PP : David Kampf, Lucas Wallmarkk - PK : Sven Andrighetto
Extra Defensemen
Normal : Devon Teows, Rinat Valiev, Ivan Provorov - PP : Devon Teows - PK : Rinat Valiev, Ivan Provorov
Penalty Shots
Tyler Randell, Michael Bournival, Tomas Kubalik, Tyler Brenner, Calle Jarnkrok
Scratches
A.J. Greer (Healthy), JC Lipon (Healthy), Brenden Kichton (Healthy), Cooper Marody (Healthy), Morgan Klimchuk (Healthy)
Nick Sorensen (Healthy), Laurent Dauphin (Healthy), Reid McNeill (Healthy), Mark Alt (Healthy), Erik Nystrom (Bruised Left Arm Injury)
Justin Kirkland (Healthy), Anthony Angello (Healthy), Jason Kasdorf (Healthy), Scott Wedgewood (Healthy)
Barracuda
5 vs 5 Forward
Center Left Wing Right Wing Time % Phy DF OF
1 Corban Knight Jordan LaVallee Brandon Kozun 40 1 2 2
2 Sam Carrick Billy Sweat Justin Shugg 30 1 2 2
3 Emil Pettersson William Carrier Chris Wagner 20 1 2 2
4 Theodor Blueger Logan MacMillan Juho Lammikko 10 1 2 2
5 vs 5 Defense
Defense Defense Time % Phy DF OF
1 Kevin Connauton Zach Trotman 40 1 2 2
2 Luca Sbisa Samuel Groulx 30 1 2 2
3 Alex Plante David Shields 20 1 2 2
4 Kevin Connauton Zach Trotman 10 1 2 2
PowerPlay Forward
Center Left Wing Right Wing Time % Phy DF OF
1 Corban Knight Jordan LaVallee Brandon Kozun 60 1 2 2
2 Sam Carrick Billy Sweat Justin Shugg 40 1 2 2
PowerPlay Defense
Defense Defense Time % Phy DF OF
1 Kevin Connauton Zach Trotman 60 1 2 2
2 Luca Sbisa Samuel Groulx 40 1 2 2
Penalty Kill 4 Players Forward
Center Wing Time % Phy DF OF
1 Corban Knight Jordan LaVallee 60 1 2 2
2 Billy Sweat Sam Carrick 40 1 2 2
Penalty Kill 4 Players Defense
Defense Defense Time % Phy DF OF
1 Kevin Connauton Zach Trotman 60 1 2 2
2 Luca Sbisa Samuel Groulx 40 1 2 2
Penalty Kill - 3 Players Forward
Forward Time % Phy DF OF
1 Corban Knight 60 1 2 2
2 Jordan LaVallee 40 1 2 2
Penalty Kill - 3 Players Defense
Defense Defense Time % Phy DF OF
1 Kevin Connauton Zach Trotman 60 1 2 2
2 Luca Sbisa Samuel Groulx 40 1 2 2
4 vs 4 Forward
Center Wing Time % Phy DF OF
1 Corban Knight Jordan LaVallee 60 1 2 2
2 Billy Sweat Sam Carrick 40 1 2 2
4 vs 4 Defense
Defense Defense Time % Phy DF OF
1 Kevin Connauton Zach Trotman 60 1 2 2
2 Luca Sbisa Samuel Groulx 40 1 2 2
Last Minutes Offensive
Center Left Wing Right Wing Defense Defense
Corban Knight Jordan LaVallee Brandon Kozun Kevin Connauton Zach Trotman
Last Minutes Defensive
Center Left Wing Right Wing Defense Defense
Corban Knight Jordan LaVallee Brandon Kozun Kevin Connauton Zach Trotman
Goaltenders
Starting : Chet Pickard
Backup : Brandon Halverson
Extra Forwards
Normal : William Carrier, Logan MacMillan, Emil Pettersson - PP : William Carrier, Logan MacMillan - PK : Emil Pettersson
Extra Defensemen
Normal : Alex Plante, David Shields, Luca Sbisa - PP : Alex Plante - PK : David Shields, Luca Sbisa
Penalty Shots
Corban Knight, Jordan LaVallee, Billy Sweat, Sam Carrick, William Carrier
Scratches
Thomas Gobeil (Healthy), Alex Henriksson (Healthy), Cole Ully (Healthy), Mario Lucia (Healthy), Jerome Gauthier-Leduc (Healthy)
Robin Norell (Healthy), Alex Lintuniemi (Healthy), Oscar Dansk (Healthy), Joacim Eriksson (Healthy)
% Time on Ice - Phantoms
Lines # - Real PCT - Wanted PCT - Time Play
Normal Forward
1 - 27% - 40% - 11:38
2 - 29% - 30% - 12:33
3 - 28% - 20% - 12:25
4 - 16% - 10% - 6:59
Normal Defense
1 - 38% - 40% - 16:25
2 - 27% - 30% - 11:49
3 - 32% - 20% - 14:00
4 - 3% - 10% - 1:21
PP Forward
1 - 59% - 60% - 8:01
2 - 41% - 40% - 5:32
PP Defense
1 - 52% - 60% - 7:05
2 - 48% - 40% - 6:28
PK Forward
1 - 72% - 60% - 1:45
2 - 28% - 40% - 0:41
PK Defense
1 - 53% - 60% - 1:17
2 - 47% - 40% - 1:09
PK3 Forward
1 - 83% - 60% - 1:16
2 - 17% - 40% - 0:16
PK3 Defense
1 - 37% - 60% - 0:34
2 - 63% - 40% - 0:58
44 Forward
1 - 100% - 60% - 0:06
2 - 0% - 40% - 0:00
44 Defense
1 - 0% - 60% - 0:00
2 - 100% - 40% - 0:06
Last Minute Offensive - 0:00
Last Minute Defensive - 0:26
Total
Forward - 61:38
Defense - 61:38
|
% Time on Ice - Barracuda
Lines # - Real PCT - Wanted PCT - Time Play
Normal Forward
1 - 34% - 40% - 14:48
2 - 26% - 30% - 11:10
3 - 21% - 20% - 8:56
4 - 19% - 10% - 8:26
Normal Defense
1 - 36% - 40% - 15:39
2 - 31% - 30% - 13:37
3 - 30% - 20% - 12:53
4 - 3% - 10% - 1:11
PP Forward
1 - 63% - 60% - 1:32
2 - 37% - 40% - 0:54
PP Defense
1 - 77% - 60% - 1:52
2 - 23% - 40% - 0:34
PK Forward
1 - 69% - 60% - 9:19
2 - 31% - 40% - 4:14
PK Defense
1 - 54% - 60% - 7:15
2 - 46% - 40% - 6:18
PK3 Forward
1 - 0% - 60%
2 - 0% - 40%
PK3 Defense
1 - 0% - 60%
2 - 0% - 40%
44 Forward
1 - 80% - 60% - 1:18
2 - 20% - 40% - 0:20
44 Defense
1 - 60% - 60% - 0:59
2 - 40% - 40% - 0:39
Last Minute Offensive - 0:41
Last Minute Defensive - 0:00
Total
Forward - 61:38
Defense - 61:38
|
Play-by-Play
1st period
0:01 of 1st period - Corban Knight wins face-off versus Tyler Brenner in neutral zone.
0:50 of 1st period - Slapshot by Sven Andrighetto.
0:50 of 1st period - Shot Misses the Net.
1:56 of 1st period - Slapshot by Nick Shore.
1:56 of 1st period - Shot Blocked by Justin Shugg.
2:00 of 1st period - Wrist shot by Nick Shore.
2:00 of 1st period - Stopped by Chet Pickard with a rebound.
2:02 of 1st period - Wrist shot by Nick Shore.
2:02 of 1st period - Stopped by Chet Pickard without a rebound.
2:03 of 1st period - Corban Knight wins face-off versus Nick Shore in Barracuda zone.
2:53 of 1st period - Luca Sbisa is hit by Dylan Olsen and loses puck.
2:58 of 1st period - Wrist shot by Calle Jarnkrok.
2:58 of 1st period - Shot Misses the Net.
3:29 of 1st period - Alex Plante is hit by Rinat Valiev and loses puck.
4:18 of 1st period - Wrist shot by Nick Shore.
4:18 of 1st period - Stopped by Chet Pickard with a rebound.
4:55 of 1st period - Snap shot by Luca Sbisa.
4:55 of 1st period - Shot Misses the Net.
5:11 of 1st period - Wrist shot by Sam Carrick.
5:11 of 1st period - Shot Misses the Net.
5:39 of 1st period - David Shields is hit by Tyler Randell and loses puck.
6:28 of 1st period - Snap shot by Sam Carrick.
6:28 of 1st period - Shot Misses the Net.
6:30 of 1st period - Wrist shot by Billy Sweat.
6:30 of 1st period - Deflect By Justin Shugg.
6:30 of 1st period - Shot Misses the Net.
6:30 of 1st period - Puck is out of play.
6:31 of 1st period - Sam Carrick wins face-off versus Tyler Brenner in Phantoms zone.
6:34 of 1st period - Wrist shot by Billy Sweat.
6:34 of 1st period - Stopped by Anton Forsberg without a rebound.
6:35 of 1st period - Sam Carrick wins face-off versus Tyler Brenner in Phantoms zone.
6:36 of 1st period - Snap shot by Billy Sweat.
6:36 of 1st period - Stopped by Anton Forsberg without a rebound.
6:37 of 1st period - Tyler Randell wins face-off versus Sam Carrick in Phantoms zone.
7:10 of 1st period - Slapshot by William Carrier.
7:10 of 1st period - Shot Misses the Net.
7:41 of 1st period - Snap shot by Tyler Randell.
7:41 of 1st period - Deflect By Jordan LaVallee.
7:41 of 1st period - Shot Misses the Net.
7:41 of 1st period - Puck is out of play.
7:42 of 1st period - Calle Jarnkrok wins face-off versus Sam Carrick in Barracuda zone.
7:43 of 1st period - Wrist shot by Brandon McMillan.
7:43 of 1st period - Deflect By Calle Jarnkrok.
7:43 of 1st period - Shot Blocked by Luca Sbisa.
7:43 of 1st period - Puck is out of play.
7:44 of 1st period - Sam Carrick wins face-off versus Calle Jarnkrok in Barracuda zone.
8:09 of 1st period - Samuel Groulx is hit by Blake Heinrich and loses puck.
8:14 of 1st period - Snap shot by Nick Shore.
8:14 of 1st period - Shot Misses the Net.
8:16 of 1st period - Wrist shot by Sven Andrighetto.
8:16 of 1st period - Deflect By Brendan Leipsic.
8:16 of 1st period - Shot Misses the Net.
8:16 of 1st period - Puck is out of play.
8:17 of 1st period - Calle Jarnkrok wins face-off versus Corban Knight in Barracuda zone.
8:18 of 1st period - Snap shot by Tomas Kubalik.
8:18 of 1st period - Shot Blocked by Kevin Connauton.
8:28 of 1st period - Snap shot by Jordan LaVallee.
8:28 of 1st period - Shot Misses the Net.
8:30 of 1st period - Snap shot by Zach Trotman.
8:30 of 1st period - Stopped by Anton Forsberg without a rebound.
8:31 of 1st period - Tyler Brenner wins face-off versus William Carrier in Phantoms zone.
8:58 of 1st period - Jake Dotchin is hit by Zach Trotman and loses puck.
9:42 of 1st period - Snap shot by Tyler Randell.
9:42 of 1st period - Shot Blocked by Samuel Groulx.
10:17 of 1st period - Icing by Emil Pettersson.
10:18 of 1st period - Nick Shore wins face-off versus Emil Pettersson in Barracuda zone.
10:27 of 1st period - Wrist shot by Brendan Leipsic.
10:27 of 1st period - Shot Misses the Net.
10:29 of 1st period - Wrist shot by Rinat Valiev.
10:29 of 1st period - Stopped by Chet Pickard with a rebound.
11:05 of 1st period - Wrist shot by Sam Carrick.
11:05 of 1st period - Shot Blocked by Devon Teows.
11:10 of 1st period - Minor Penalty to Sam Carrick for Hooking.
11:11 of 1st period - Corban Knight wins face-off versus Michael Bournival in Barracuda zone.
11:15 of 1st period - Wrist shot by Jordan LaVallee.
11:15 of 1st period - Stopped by Anton Forsberg without a rebound.
11:16 of 1st period - Tyler Brenner wins face-off versus Corban Knight in Phantoms zone.
11:29 of 1st period - Wrist shot by Tyler Randell.
11:29 of 1st period - Stopped by Chet Pickard with a rebound.
11:39 of 1st period - Corban Knight is hit by Tyler Brenner and loses puck.
11:52 of 1st period - Snap shot by Michael Bournival.
11:52 of 1st period - Shot Blocked by Zach Trotman.
12:49 of 1st period - Wrist shot by Tyler Randell.
12:49 of 1st period - Goal by Tyler Randell - Phantoms : 1 - Barracuda : 0.
12:50 of 1st period - Calle Jarnkrok wins face-off versus Corban Knight in neutral zone.
12:59 of 1st period - Zach Trotman is hit by Tomas Kubalik and loses puck.
13:42 of 1st period - Wrist shot by Sam Carrick.
13:42 of 1st period - Shot Blocked by Ivan Provorov.
14:30 of 1st period - Backhand shot by Logan MacMillan.
14:30 of 1st period - Shot Blocked by Calle Jarnkrok.
14:32 of 1st period - Snap shot by Theodor Blueger.
14:32 of 1st period - Shot Misses the Net.
14:46 of 1st period - Dylan Olsen is hit by Alex Plante and loses puck.
14:51 of 1st period - Slapshot by Emil Pettersson.
14:51 of 1st period - Shot Misses the Net.
14:59 of 1st period - Snap shot by Brandon McMillan.
14:59 of 1st period - Stopped by Chet Pickard without a rebound.
15:00 of 1st period - Corban Knight wins face-off versus Michael Bournival in Barracuda zone.
15:27 of 1st period - Sven Andrighetto is hit by Juho Lammikko and loses puck.
15:38 of 1st period - Wrist shot by Theodor Blueger.
15:38 of 1st period - Stopped by Anton Forsberg with a rebound.
16:38 of 1st period - Dylan Olsen is hit by Luca Sbisa and loses puck.
17:03 of 1st period - Blake Heinrich is hit by William Carrier and loses puck.
17:14 of 1st period - Slapshot by Chris Wagner.
17:14 of 1st period - Goal by Chris Wagner - Phantoms : 1 - Barracuda : 1.
17:15 of 1st period - Calle Jarnkrok wins face-off versus Corban Knight in neutral zone.
17:20 of 1st period - Wrist shot by Brandon McMillan.
17:20 of 1st period - Shot Misses the Net.
17:22 of 1st period - Snap shot by Ivan Provorov.
17:22 of 1st period - Stopped by Chet Pickard with a rebound.
17:24 of 1st period - Snap shot by Tomas Kubalik.
17:24 of 1st period - Stopped by Chet Pickard with a rebound.
17:26 of 1st period - Slapshot by Calle Jarnkrok.
17:26 of 1st period - Deflect By Tomas Kubalik.
17:26 of 1st period - Stopped by Chet Pickard without a rebound.
17:27 of 1st period - Corban Knight wins face-off versus Tyler Brenner in Barracuda zone.
17:27 of 1st period - Corban Knight is hit by Tyler Randell.
17:30 of 1st period - Minor Penalty to Corban Knight for Holding Stick.
17:31 of 1st period - Emil Pettersson wins face-off versus Tyler Brenner in Barracuda zone.
17:57 of 1st period - Jordan LaVallee is hit by Jake Dotchin.
18:58 of 1st period - Calle Jarnkrok is hit by Zach Trotman and loses puck.
19:30 of 1st period - Penalty to Corban Knight is over, Corban Knight is back on ice.
19:57 of 1st period - Brandon Kozun is hit by Devon Teows and loses puck.
Goals for this period are 1 for Phantoms vs 1 for Barracuda.
Shots for this period are 10 for Phantoms vs 6 for Barracuda.
2nd period
0:01 of 2nd period - Tyler Brenner wins face-off versus Corban Knight in neutral zone.
0:07 of 2nd period - Minor Penalty to Corban Knight for Holding.
0:08 of 2nd period - Tyler Brenner wins face-off versus Emil Pettersson in Barracuda zone.
0:43 of 2nd period - Slapshot by Dylan Olsen.
0:43 of 2nd period - Shot Blocked by Zach Trotman.
0:45 of 2nd period - Snap shot by Tyler Randell.
0:45 of 2nd period - Deflect By Michael Bournival.
0:45 of 2nd period - Shot Blocked by Zach Trotman.
0:45 of 2nd period - Puck is out of play.
0:46 of 2nd period - Calle Jarnkrok wins face-off versus Billy Sweat in Barracuda zone.
2:07 of 2nd period - Penalty to Corban Knight is over, Corban Knight is back on ice.
2:36 of 2nd period - Snap shot by Billy Sweat.
2:36 of 2nd period - Stopped by Anton Forsberg with a rebound.
2:38 of 2nd period - Snap shot by Luca Sbisa.
2:38 of 2nd period - Shot Blocked by Devon Teows.
2:40 of 2nd period - Slapshot by Billy Sweat.
2:40 of 2nd period - Goal by Billy Sweat - Phantoms : 1 - Barracuda : 2.
2:41 of 2nd period - Corban Knight wins face-off versus Tyler Brenner in neutral zone.
2:52 of 2nd period - Wrist shot by Michael Bournival.
2:52 of 2nd period - Deflect By Tyler Randell.
2:52 of 2nd period - Stopped by Chet Pickard with a rebound.
2:54 of 2nd period - Slapshot by Dylan Olsen.
2:54 of 2nd period - Stopped by Chet Pickard with a rebound.
4:23 of 2nd period - Snap shot by Tyler Randell.
4:23 of 2nd period - Goal by Tyler Randell - Phantoms : 2 - Barracuda : 2.
4:24 of 2nd period - Corban Knight wins face-off versus Tyler Brenner in neutral zone.
4:27 of 2nd period - Snap shot by Brandon Kozun.
4:27 of 2nd period - Stopped by Anton Forsberg with a rebound.
4:49 of 2nd period - Dylan Olsen is hit by Zach Trotman and loses puck.
4:56 of 2nd period - Snap shot by Sam Carrick.
4:56 of 2nd period - Shot Misses the Net.
4:58 of 2nd period - Slapshot by Alex Plante.
4:58 of 2nd period - Deflect By Calle Jarnkrok.
4:58 of 2nd period - Stopped by Anton Forsberg without a rebound.
4:59 of 2nd period - Billy Sweat wins face-off versus Tyler Brenner in Phantoms zone.
5:01 of 2nd period - Minor Penalty to Tyler Brenner for Hooking.
5:02 of 2nd period - Tyler Randell wins face-off versus Corban Knight in Phantoms zone.
5:06 of 2nd period - Snap shot by Dylan Olsen.
5:06 of 2nd period - Stopped by Chet Pickard with a rebound.
5:45 of 2nd period - Snap shot by Tomas Kubalik.
5:45 of 2nd period - Stopped by Chet Pickard with a rebound.
5:47 of 2nd period - Snap shot by Tomas Kubalik.
5:47 of 2nd period - Shot Blocked by Zach Trotman.
5:49 of 2nd period - Snap shot by Sven Andrighetto.
5:49 of 2nd period - Shot Misses the Net.
6:03 of 2nd period - Michael Bournival is hit by Zach Trotman and loses puck.
7:01 of 2nd period - Penalty to Tyler Brenner is over, Tyler Brenner is back on ice.
8:34 of 2nd period - Theodor Blueger is hit by Calle Jarnkrok and loses puck.
8:55 of 2nd period - Nick Shore is hit by Brandon Kozun and loses puck.
9:06 of 2nd period - Snap shot by William Carrier.
9:06 of 2nd period - Shot Hit the Post.
9:52 of 2nd period - Snap shot by Kevin Connauton.
9:52 of 2nd period - Shot Blocked by Brendan Leipsic.
11:06 of 2nd period - Minor Penalty to Samuel Groulx for Interference.
11:07 of 2nd period - Calle Jarnkrok wins face-off versus Corban Knight in Barracuda zone.
11:32 of 2nd period - Michael Bournival is hit by Zach Trotman and loses puck.
13:06 of 2nd period - Penalty to Samuel Groulx is over, Samuel Groulx is back on ice.
13:21 of 2nd period - Jake Dotchin is hit by Theodor Blueger and loses puck.
13:47 of 2nd period - Slapshot by Alex Plante.
13:47 of 2nd period - Stopped by Anton Forsberg without a rebound.
13:48 of 2nd period - Travis Konecny wins face-off versus Sam Carrick in Phantoms zone.
14:14 of 2nd period - Brandon Kozun is hit by Michael Bournival and loses puck.
14:19 of 2nd period - Wrist shot by Michael Bournival.
14:19 of 2nd period - Stopped by Chet Pickard with a rebound.
15:11 of 2nd period - Brandon Kozun is hit by Tyler Randell.
15:47 of 2nd period - Minor Penalty to Sam Carrick for Holding.
15:48 of 2nd period - Calle Jarnkrok wins face-off versus Corban Knight in Barracuda zone.
17:47 of 2nd period - Penalty to Sam Carrick is over, Sam Carrick is back on ice.
18:16 of 2nd period - Slapshot by Juho Lammikko.
18:16 of 2nd period - Goal by Juho Lammikko - Phantoms : 2 - Barracuda : 3.
18:17 of 2nd period - Justin Shugg wins face-off versus Calle Jarnkrok in neutral zone.
19:09 of 2nd period - Slapshot by Jordan LaVallee.
19:09 of 2nd period - Stopped by Anton Forsberg with a rebound.
19:25 of 2nd period - Slapshot by Logan MacMillan.
19:25 of 2nd period - Stopped by Anton Forsberg with a rebound.
19:27 of 2nd period - Slapshot by David Shields.
19:27 of 2nd period - Shot Blocked by Rinat Valiev.
19:29 of 2nd period - Slapshot by David Shields.
19:29 of 2nd period - Shot Misses the Net.
19:31 of 2nd period - Snap shot by Theodor Blueger.
19:31 of 2nd period - Stopped by Anton Forsberg with a rebound.
19:33 of 2nd period - Wrist shot by Logan MacMillan.
19:33 of 2nd period - Shot Blocked by Rinat Valiev.
19:35 of 2nd period - Snap shot by Juho Lammikko.
19:35 of 2nd period - Stopped by Anton Forsberg with a rebound.
19:53 of 2nd period - Snap shot by Tyler Randell.
19:53 of 2nd period - Shot Misses the Net.
19:55 of 2nd period - Wrist shot by Tyler Brenner.
19:55 of 2nd period - Goal by Tyler Brenner - Phantoms : 3 - Barracuda : 3.
19:56 of 2nd period - Jordan LaVallee wins face-off versus Tyler Brenner in neutral zone.
Goals for this period are 2 for Phantoms vs 2 for Barracuda.
Shots for this period are 7 for Phantoms vs 10 for Barracuda.
3rd period
0:01 of 3rd period - Corban Knight wins face-off versus Tyler Brenner in neutral zone.
0:10 of 3rd period - Snap shot by Tyler Randell.
0:10 of 3rd period - Goal by Tyler Randell - Phantoms : 4 - Barracuda : 3.
0:11 of 3rd period - Corban Knight wins face-off versus Tyler Brenner in neutral zone.
0:14 of 3rd period - Slapshot by Kevin Connauton.
0:14 of 3rd period - Stopped by Anton Forsberg without a rebound.
0:15 of 3rd period - Corban Knight wins face-off versus Tyler Brenner in Phantoms zone.
0:16 of 3rd period - Backhand shot by Brandon Kozun.
0:16 of 3rd period - Stopped by Anton Forsberg with a rebound.
0:18 of 3rd period - Snap shot by Corban Knight.
0:18 of 3rd period - Deflect By Dylan Olsen.
0:18 of 3rd period - Shot Blocked by Jake Dotchin.
0:18 of 3rd period - Puck is out of play.
0:19 of 3rd period - Tyler Brenner wins face-off versus Corban Knight in Phantoms zone.
0:45 of 3rd period - Jake Dotchin is hit by Jordan LaVallee and loses puck.
1:02 of 3rd period - Wrist shot by Corban Knight.
1:02 of 3rd period - Shot Misses the Net.
1:19 of 3rd period - Slapshot by Corban Knight.
1:19 of 3rd period - Shot Misses the Net.
1:47 of 3rd period - Snap shot by Corban Knight.
1:47 of 3rd period - Shot Misses the Net.
1:49 of 3rd period - Slapshot by Kevin Connauton.
1:49 of 3rd period - Stopped by Anton Forsberg without a rebound.
1:50 of 3rd period - Sam Carrick wins face-off versus Calle Jarnkrok in Phantoms zone.
2:15 of 3rd period - Samuel Groulx is hit by Ivan Provorov and loses puck.
2:52 of 3rd period - Devon Teows is hit by Logan MacMillan and loses puck.
3:28 of 3rd period - Slapshot by Samuel Groulx.
3:28 of 3rd period - Shot Blocked by Travis Konecny.
3:49 of 3rd period - Sven Andrighetto is hit by Emil Pettersson and loses puck.
4:32 of 3rd period - Justin Shugg is hit by Cristoval Nieves and loses puck.
5:37 of 3rd period - Ivan Provorov is hit by Corban Knight and loses puck.
5:50 of 3rd period - Zach Trotman is hit by Dylan Olsen and loses puck.
7:20 of 3rd period - Blake Heinrich is hit by Billy Sweat.
7:36 of 3rd period - Minor Penalty to Zach Trotman for Holding.
7:37 of 3rd period - Corban Knight wins face-off versus Tyler Brenner in Barracuda zone.
7:37 of 3rd period - Corban Knight is hit by Tyler Brenner.
7:46 of 3rd period - Luca Sbisa is hit by Tyler Randell and loses puck.
8:14 of 3rd period - Samuel Groulx is hit by Blake Heinrich and loses puck.
8:59 of 3rd period - Jordan LaVallee is hit by Tyler Brenner and loses puck.
9:22 of 3rd period - William Carrier is hit by Brandon McMillan and loses puck.
9:36 of 3rd period - Penalty to Zach Trotman is over, Zach Trotman is back on ice.
9:37 of 3rd period - Dylan Olsen is hit by Theodor Blueger and loses puck.
10:04 of 3rd period - Sven Andrighetto is hit by Samuel Groulx.
10:23 of 3rd period - Travis Konecny is hit by Alex Plante and loses puck.
10:38 of 3rd period - Brandon McMillan is hit by Jordan LaVallee.
10:48 of 3rd period - Nick Shore is hit by Logan MacMillan and loses puck.
11:10 of 3rd period - Corban Knight is hit by Dylan Olsen and loses puck.
12:47 of 3rd period - Corban Knight is hit by Tyler Brenner and loses puck.
13:02 of 3rd period - Tyler Randell is hit by Logan MacMillan and loses puck.
13:15 of 3rd period - Kevin Connauton is hit by Devon Teows and loses puck.
14:16 of 3rd period - Snap shot by Cristoval Nieves.
14:16 of 3rd period - Shot Misses the Net.
14:18 of 3rd period - Slapshot by Blake Heinrich.
14:18 of 3rd period - Shot Blocked by Chris Wagner.
14:20 of 3rd period - Slapshot by Blake Heinrich.
14:20 of 3rd period - Shot Blocked by David Shields.
14:40 of 3rd period - Backhand shot by Corban Knight.
14:40 of 3rd period - Stopped by Anton Forsberg with a rebound.
14:50 of 3rd period - Snap shot by Logan MacMillan.
14:50 of 3rd period - Stopped by Anton Forsberg without a rebound.
14:51 of 3rd period - Calle Jarnkrok wins face-off versus Logan MacMillan in Phantoms zone.
15:02 of 3rd period - Backhand shot by Calle Jarnkrok.
15:02 of 3rd period - Shot Misses the Net.
15:04 of 3rd period - Snap shot by Devon Teows.
15:04 of 3rd period - Shot Misses the Net.
15:06 of 3rd period - Snap shot by Brandon McMillan.
15:06 of 3rd period - Stopped by Chet Pickard with a rebound.
15:27 of 3rd period - Slapshot by Jordan LaVallee.
15:27 of 3rd period - Stopped by Anton Forsberg without a rebound.
15:28 of 3rd period - William Carrier wins face-off versus Nick Shore in Phantoms zone.
15:43 of 3rd period - Slapshot by William Carrier.
15:43 of 3rd period - Shot Misses the Net.
16:14 of 3rd period - Minor Penalty to Alex Plante for Goalie Interference.
16:15 of 3rd period - Tyler Brenner wins face-off versus Corban Knight in Barracuda zone.
16:15 of 3rd period - Backhand shot by Michael Bournival.
16:15 of 3rd period - Shot Blocked by Corban Knight.
16:25 of 3rd period - Snap shot by Tyler Brenner.
16:25 of 3rd period - Stopped by Chet Pickard without a rebound.
16:26 of 3rd period - Tyler Brenner wins face-off versus Corban Knight in Barracuda zone.
16:33 of 3rd period - Snap shot by Tyler Brenner.
16:33 of 3rd period - Shot Misses the Net.
16:35 of 3rd period - Snap shot by Tyler Randell.
16:35 of 3rd period - Shot Misses the Net.
18:14 of 3rd period - Penalty to Alex Plante is over, Alex Plante is back on ice.
18:28 of 3rd period - William Carrier is hit by Nick Shore and loses puck.
18:53 of 3rd period - Barracuda, Chet Pickard is pulled from the net.
18:57 of 3rd period - Snap shot by Jordan LaVallee.
18:57 of 3rd period - Shot Misses the Net.
19:01 of 3rd period - Wrist shot by Brandon Kozun.
19:01 of 3rd period - Shot Blocked by Devon Teows.
19:03 of 3rd period - Snap shot by William Carrier.
19:03 of 3rd period - Stopped by Anton Forsberg without a rebound.
19:04 of 3rd period - Dale Hunter call a timeout for Barracuda.
19:04 of 3rd period - William Carrier wins face-off versus Tyler Brenner in Phantoms zone.
19:11 of 3rd period - Slapshot by Brandon Kozun.
19:11 of 3rd period - Stopped by Anton Forsberg with a rebound.
19:21 of 3rd period - Snap shot by Jordan LaVallee.
19:21 of 3rd period - Stopped by Anton Forsberg with a rebound.
19:23 of 3rd period - Snap shot by William Carrier.
19:23 of 3rd period - Shot Hit the Post.
19:25 of 3rd period - Slapshot by Brandon Kozun.
19:25 of 3rd period - Stopped by Anton Forsberg with a rebound.
19:29 of 3rd period - Snap shot by Jordan LaVallee.
19:29 of 3rd period - Goal by Jordan LaVallee - Phantoms : 4 - Barracuda : 4.
19:29 of 3rd period - Chet Pickard from Barracuda was sent back in the game.
19:30 of 3rd period - Calle Jarnkrok wins face-off versus Chris Wagner in neutral zone.
19:32 of 3rd period - Minor Penalty to Brandon McMillan for High sticking.
19:33 of 3rd period - Corban Knight wins face-off versus Tyler Randell in Phantoms zone.
19:40 of 3rd period - Off-side.
19:41 of 3rd period - Corban Knight wins face-off versus Tyler Randell in neutral zone.
19:44 of 3rd period - Slapshot by Zach Trotman.
19:44 of 3rd period - Deflect By Brandon Kozun.
19:44 of 3rd period - Stopped by Anton Forsberg with a rebound.
19:46 of 3rd period - Slapshot by Kevin Connauton.
19:46 of 3rd period - Deflect By Corban Knight.
19:46 of 3rd period - Shot Blocked by Tyler Randell.
19:46 of 3rd period - Puck is out of play.
19:47 of 3rd period - Tyler Randell wins face-off versus Jordan LaVallee in Phantoms zone.
Goals for this period are 1 for Phantoms vs 1 for Barracuda.
Shots for this period are 3 for Phantoms vs 12 for Barracuda.
Overtime #1
0:01 of 1st overtime period - Corban Knight wins face-off versus Tyler Randell in neutral zone.
0:44 of 1st overtime period - Snap shot by William Carrier.
0:44 of 1st overtime period - Shot Misses the Net.
0:46 of 1st overtime period - Slapshot by Zach Trotman.
0:46 of 1st overtime period - Shot Blocked by Ivan Provorov.
0:48 of 1st overtime period - Slapshot by Zach Trotman.
0:48 of 1st overtime period - Stopped by Anton Forsberg without a rebound.
0:49 of 1st overtime period - Tyler Randell wins face-off versus Corban Knight in Phantoms zone.
1:32 of 1st overtime period - Penalty to Brandon McMillan is over, Brandon McMillan is back on ice.
1:38 of 1st overtime period - Slapshot by Sven Andrighetto.
1:38 of 1st overtime period - Goal by Sven Andrighetto - Phantoms : 5 - Barracuda : 4.
Goals for this period are 1 for Phantoms vs 0 for Barracuda.
Shots for this period are 1 for Phantoms vs 1 for Barracuda.
Output by the SimonT Hockey Simulator (STHS) for Francois Prevost